 Dungeon Crawl Stone Soup version 0.26-a0-708-g17f3b190f9 (webtiles) character file.

Game seed: 14781985195442762280

135 snetch the Chopper (level 4, -4/61 HPs)
             Began as a Minotaur Berserker on Oct 27, 2020.
             Was a Believer of Trog.
             Slain by a large abomination (21 damage)
             ... on level 2 of the Abyss.
             The game lasted 00:05:57 (1581 turns).

snetch the Chopper (Minotaur Berserker)             Turns: 1581, Time: 00:05:58

Health: -4/61      AC:  9    Str: 22    XL:     4   Next: 96%
Magic:  3/3        EV: 12    Int:  4    God:    Trog [**....]
Gold:   138        SH:  0    Dex: 10    Spells: 3/3 levels left

rFire    . . .     SeeInvis .   l - +5 club
rCold    . . .     Faith    .   (no shield)
rNeg     . . .     Spirit   .   s - +3 leather armour
rPois    .         Reflect  .   (helmet restricted)
rElec    .         Harm     .   q - +0 cloak
rCorr    .         Rampage  .   n - +0 pair of gloves
MR       .....                  r - +0 pair of boots
Stlth    ..........             (no amulet)
HPRegen  0.20/turn              (no ring)
MPRegen  0.08/turn              (no ring)

@: berserking, very quick
A: retaliatory headbutt, horns 2
a: Berserk, Trog's Hand, Renounce Religion


You were on level 2 of the Abyss.
You worshipped Trog.
Trog was pleased with you.
You visited 1 branch of the dungeon, and saw 4 of its levels.
You visited the Abyss 1 time.

You collected 138 gold pieces.

Inventory:

Hand Weapons
 a - a +1 hand axe of distortion
 k - a +0 hand axe
 l - a +5 club (weapon)
Missiles
 c - 49 arrows
 d - 108 stones (quivered)
 p - 4 boomerangs
Armour
 n - a +0 pair of gloves (worn)
 q - a +0 cloak (worn)
 r - a +0 pair of boots (worn)
 s - a +3 leather armour (worn)
 t - a +2 robe of fire resistance
Scrolls
 e - 4 scrolls of teleportation {unknown}
 f - 2 scrolls of remove curse {unknown}
 g - 9 scrolls of identify {unknown}
 h - a scroll of immolation {unknown}
 i - 2 scrolls of amnesia {unknown}
 m - a scroll of random uselessness {unknown}
 v - a scroll of fear {unknown}
Potions
 b - a potion of curing {unknown}
 j - a potion of brilliance {unknown}
 o - a potion of heal wounds {unknown}
 u - a potion of haste {unknown}


   Skills:
 + Level 4.5 Fighting
 + Level 5.7 Axes
 + Level 2.8 Armour
 + Level 2.7 Dodging
 + Level 0.3 Stealth


You had 3 spell levels left.
You didn't know any spells.
Your spell library was empty.

Dungeon Overview and Level Annotations

Branches:
Dungeon (4/15)
 Temple: D:4-7

Altars:
Qazlal


Innate Abilities, Weirdness & Mutations

You reflexively headbutt those who attack you in melee.
You have a pair of horns on your head.


Message History

You feel yourself moving faster!
You feel mighty!
You hit the large abomination.
The large abomination is lightly damaged.
You barely miss the large abomination.
The large abomination is lightly damaged.
The large abomination hits you!
You hit the large abomination.
The large abomination is moderately damaged.
The large abomination hits you!
You sock the large abomination!
The large abomination is heavily damaged.
You completely miss the large abomination.
You headbutt the large abomination.
The large abomination is severely damaged.
The large abomination hits you!!
* * * LOW HITPOINT WARNING * * *
You thump the large abomination!
The large abomination is almost destroyed.
The large abomination hits you!!
You die...

# # ### .#. .# # .
.. #ยง # ## .#. ...
#.###..#.### ..#.
#.#.##.##....# # ..
. .......# ... #
.###X.###
..#.###..# #@#...#
#...#.#.###...##..#
# #......#....#.# #
#...#... ###..#.#
.##.#.##.##.....#
## ......#....###
..#. ##..###..#
##... ## .... .
.#### .#..


You could see a large abomination.

Vanquished Creatures
  An orc wizard (D:3)
  Jessica (D:3)
  3 adders (D:2)
  2 worms
  A leopard gecko (D:2)
  4 orcs (D:3)
  2 ball pythons
  4 bats
  3 giant cockroaches
  3 goblins (D:1)
  5 hobgoblins
  4 frilled lizards
  4 kobolds
  9 rats
46 creatures vanquished.

Notes
Turn   | Place    | Note
-------+----------+-------------------------------------------
     0 | D:1      | snetch the Minotaur Berserker began the quest for the Orb.
     0 | D:1      | Reached XP level 1. HP: 19/19 MP: 0/0
    73 | D:2      | Found a faded altar of an unknown god.
   222 | D:1      | Reached skill level 4 in Axes
   244 | D:1      | Reached XP level 2. HP: 22/27 MP: 1/1
   759 | D:2      | Reached ** piety under Trog
   759 | D:2      | Reached XP level 3. HP: 32/33 MP: 2/2
  1012 | D:2      | Reached skill level 5 in Axes
  1317 | D:3      | Reached XP level 4. HP: 40/40 MP: 3/3
  1518 | D:3      | Noticed Jessica
  1519 | D:3      | Found a stormy altar of Qazlal.
  1520 | D:3      | Killed Jessica
  1524 | D:3      | Cast into level 2 of the Abyss (unwielding a weapon of
                  | distortion)
  1571 | Abyss:2  | Noticed a large abomination
  1581 | Abyss:2  | Slain by a large abomination

Illustrated notes

Levels and vault maps discovered:
D:1:      wander_arrival_peaceful_grave, layout_loops_cross
D:2:      layout_rooms, chequers_ecumenical_altar_simple_redux
D:3:      layout_basic, nicolae_qazlal_eye_of_the_storm, uniq_jessica,
          uniq_terence
D:4:      layout_cave_pools, kennysheep_little_box, minmay_temple_entry_wispy,
          kennysheep_decorative_pillar, serial_bayou_lagoon_b
Abyss:2:  base: D:4, abyss_exit_lava, minivault_4

Skill      XL: |  1  2  3 |
---------------+----------+-----
Axes           | 4 5 |  5.7
Fighting       | 4 |  4.5
Armour         | |  2.8
Dodging        | |  2.7
Stealth        | |  0.3

Action                   |  1- 3 |  4- 6 || total
-------------------------+-------+-------++-------
Melee: Hand axe          |    56 |    13 ||    69
       Headbutt          |     3 |     3 ||     6
       Club              |       |     6 ||     6
Invok: Berserk           |       |     1 ||     1
Armor: Animal skin       |     9 |       ||     9
       Leather armour    |     7 |     7 ||    14
Dodge: Dodged            |    43 |     9 ||    52

Table legend: (Time is in decaauts)
 A = Elapsed time spent in this place.
 B = Non-inter-level travel time spent in this place.
 C = Inter-level travel time spent in this place.
 D = Time resting spent in this place.
 E = Time spent auto-exploring this place.
 F = Levels seen in this place.
 G = Mean time per level.
                   A        B        C        D        E       F      G
               +--------+--------+--------+--------+--------+-----+--------+
         Total |   1589 |   1509 |     80 |      0 |    979 |   5 |  317.8 |
       Dungeon |   1534 |   1454 |     80 |      0 |    948 |   4 |  383.5 |
         Abyss |     54 |     54 |      0 |      0 |     31 |   1 |   54.0 |
               +--------+--------+--------+--------+--------+-----+--------+

Top non-repeatable levels by time:
     D:1: 695 daAuts
     D:2: 559 daAuts
     D:3: 260 daAuts
 Abyss:2: 54 daAuts
     D:4: 18 daAuts
